 Dungeon Crawl Stone Soup version 0.15-a0-1506-g1b030bc (console) character file.

41 Regeneration the Scratcher (level 3, -1/17 HPs)
             Began as a Felid Fighter on June 14, 2014.
             Slain by a hobgoblin (3 damage)
             ... on Level 5 of the Dungeon.
             The game lasted 00:03:36 (886 turns).

Regeneration the Scratcher (Felid Fighter)           Turns: 886, Time: 00:03:36

HP  -1/17        AC  2     Str 13      XL: 3   Next: 32%
MP   5/5         EV 19     Int  9      God:
Gold 58          SH  0     Dex 15      Spells:  0 memorised,  2 levels left
Lives: 0, deaths: 0

rFire  . . .     SeeInvis +       - Unarmed
rCold  . . .     Clarity  .     (armour unavailable)
rNeg   . . .     rCorr    .     (shield unavailable)
rPois  .         rRot     .     (helmet unavailable)
rElec  .         Spirit   .     (cloak unavailable)
SustAb .         Warding  .     (gloves unavailable)
rMut   .         Stasis   .     (boots unavailable)
Gourm  .                        (no amulet)
MR     .....                    (no ring)
                                c - +1 ring of protection

@: quick, not resistant to hostile enchantments, unstealthy
A: paw claws, no armour, no weapons or thrown items, fangs 3, see invisible,
carnivore 3, speed 1, shaggy fur 1, slow metabolism 1, jump 1
a: Jump Attack


You were on level 5 of the Dungeon.
You were very full.

You visited 1 branch of the dungeon, and saw 5 of its levels.

You collected 58 gold pieces.

Inventory:

Comestibles
 d - 2 meat rations
 f - a beef jerky
Scrolls
 a - a scroll of recharging {unknown}
 b - a scroll of enchant weapon I {unknown}
 g - a scroll of blinking {unknown}
 k - a scroll of enchant weapon II {unknown}
 l - a scroll of remove curse {unknown}
 m - a scroll of identify {unknown}
 n - a scroll of noise {unknown}
Jewellery
 c - a +1 ring of protection (left paw)
Potions
 e - a potion of might
 h - a potion of agility {unknown}
 i - a potion of curing {unknown}
 j - a potion of magic {unknown}


   Skills:
 - Level 3.0 Fighting
 - Level 4.0 Dodging
 + Level 5.2 Unarmed Combat


You had 2 spell levels left.
You didn't know any spells.

Dungeon Overview and Level Annotations

Branches:
Dungeon (5/15)
 Temple: D:4-7

Altars:

Annotations:
D:3 Natasha
D:4 Eustachio


Innate Abilities, Weirdness & Mutations

You cannot wear armour.
You are incapable of wielding weapons or throwing items.
Your paws have sharp claws.
You have razor-sharp teeth.
You have supernaturally acute eyesight.
You are carnivorous and can eat meat at any time.
You cover ground quickly.
You are covered in fur (AC +1).
You have a slow metabolism.
You can jump attack at a short distance.


Message History

You barely miss the hound zombie. The hobgoblin misses you.
The hound zombie misses you.
You scratch the hound zombie. Your punch misses the hound zombie.
The hobgoblin hits you but does no damage.
The hound zombie closely misses you.
You barely miss the hound zombie. You bite the hound zombie.
The hound zombie barely misses you. The hobgoblin misses you.
You scratch the hound zombie.
You bite the hound zombie, but do no damage.
The hound zombie closely misses you. The hobgoblin misses you.
You scratch the hound zombie. The hound zombie closely misses you.
The hobgoblin hits you. The hound zombie closely misses you.
You barely miss the hound zombie. The hobgoblin closely misses you.
The hound zombie closely misses you.
You scratch the hound zombie but do no damage.
The hound zombie bites you. The hobgoblin hits you.
* * * LOW HITPOINT WARNING * * *
You scratch the hound zombie. The hound zombie misses you.
The hobgoblin hits you.
You die...

##### #...# ####
#...# #... ##...#
#... ###...##
##...#######a.>#.#
.............###a#
#####.####..## #g#
###.a....#...# #@#
#........#...# #Z#
#.#..........# #..
#.#..........#
##..
..##...###...# ...
######.# #...#
.... ....... .....
..# .### .


You could see a worker ant, a hound zombie and a hobgoblin.

Vanquished Creatures
  2 adders (D:2)
  A giant gecko (D:1)
  3 bats
  2 goblins
  4 hobgoblins
  3 kobolds
  2 giant newts
  4 rats
21 creatures vanquished.

Notes
Turn   | Place    | Note
--------------------------------------------------------------
     0 | D:1      | Regeneration, the Felid Fighter, began the quest for the Orb.
     0 | D:1      | Reached XP level 1. HP: 10/10 MP: 2/2
   158 | D:1      | Reached XP level 2. HP: 7/14 MP: 3/3
   486 | D:3      | Noticed Natasha
   665 | D:2      | Reached skill level 5 in Unarmed Combat
   665 | D:2      | Reached XP level 3. HP: 17/17 MP: 5/5
   836 | D:4      | Noticed Eustachio
   846 | D:5      | Entered Level 5 of the Dungeon
   886 | D:5      | Slain by a hobgoblin

Action                   || total
-------------------------++-------
Melee: Unarmed           ||    59
 Stab: Sleeping          ||     3
